 Seeded DCSS version 0.29.1-12-g30fa7ad0bf (webtiles) character file.

Game seed: 20230101 (custom seed)

170 stormannn the Trooper (level 5, -9/47 HPs)
             Began as a Minotaur Abyssal Knight on Jan 1, 2023.
             Was an Elder of Lugonu.
             Splashed by a jelly's acid (10 damage)
             ... in a sewer.
             The game lasted 00:02:15 (2014 turns).

stormannn the Trooper (Minotaur Abyssal Knight)     Turns: 2014, Time: 00:02:16

Health: -9/47      AC: -11   Str: 19    XL:     5   Next: 26%
Magic:  6/6        EV: 12    Int:  7    God:    Lugonu [****..]
Gold:   54         SH:  0    Dex: 11    Spells: 4/4 levels left

rFire   . . .      SeeInvis .   a - +1 hand axe
rCold   . . .      Faith    .   (no shield)
rNeg    . . .      Spirit   .   b - +0 leather armour
rPois   .          Reflect  .   (helmet restricted)
rElec   .          Harm     .   (no cloak)
rCorr   .          Rampage  .   f - +0 pair of gloves
Will    .....                   (no boots)
Stlth   +.........              (no amulet)
HPRegen 0.15/turn               (no ring)
MPRegen 0.10/turn               (no ring)

@: corroded
A: horns 2, retaliatory headbutt
a: Renounce Religion, Depart the Abyss, Bend Space, Banish, Corrupt


You were in a sewer.
You worshipped Lugonu.
Lugonu was greatly pleased with you.
You visited 1 branch of the dungeon, and saw 3 of its levels.
You visited the Abyss 1 time.
You also visited: Sewer.

You collected 54 gold pieces.

Inventory:

Hand Weapons
 a - a +1 hand axe (weapon)
Armour
 b - a +0 leather armour (worn)
 f - a +0 pair of gloves (worn)
Jewellery
 g - a +4 ring of slaying
 j - a +6 ring of strength
 k - a ring of flight
Scrolls
 d - a scroll of poison {unknown}
 e - 4 scrolls of identify {unknown}
 h - a scroll of summoning {unknown}
 i - a scroll of teleportation {unknown}
 m - a scroll of enchant weapon {unknown}
 p - a scroll of vulnerability {unknown}
 q - a scroll of enchant armour {unknown}
 r - a scroll of brand weapon {unknown}
 s - a scroll of butterflies {unknown}
 t - a scroll of noise {unknown}
Potions
 c - a potion of ambrosia {unknown}
 l - 3 potions of curing {unknown}
 n - a potion of heal wounds {unknown}
 o - 2 potions of mutation {unknown}


   Skills:
 + Level 4.5 Fighting
 + Level 3.6 Axes
 + Level 3.6 Armour
 + Level 2.7 Dodging
 + Level 2.7 Invocations


You had 4 spell levels left.
You didn't know any spells.
Your spell library contained the following spells:

 Spells                   Type           Power      Damage    Failure   Level
 Apportation              Tloc           0%         N/A       47%         1
 Necrotise                Necr           0%         1d4       47%         1
 Summon Small Mammal      Summ           0%         N/A       47%         1


Dungeon Overview and Level Annotations

Branches:
Dungeon (3/15)              Sewer (1/1)

Altars:

Shops:
D:1 (   D:2 :


Innate Abilities, Weirdness & Mutations

You have a pair of horns on your head.
You reflexively headbutt those who attack you in melee.


Message History

Moving in this stuff is going to be slow.
You enter the shallow water.
Moving in this stuff is going to be slow.
You enter the shallow water.
Moving in this stuff is going to be slow.
A jelly comes into view.
Found a leather armour and a bubbling puce potion.
The jelly quivers.
You hit the jelly.
Your hands burn!
You headbutt the jelly.
The jelly is heavily wounded.
The jelly hits you. The acid corrodes you!
You are splashed with acid!
You hit the jelly but do no damage.
Your hands burn!
The jelly is heavily wounded.
The jelly hits you. The acid corrodes you!
You are splashed with acid!
You are too injured to fight recklessly!
You are too injured to fight recklessly!
You hit the jelly but do no damage.
Your hands burn!
The jelly is heavily wounded.
The jelly misses you.
You barely miss the jelly.
The jelly is heavily wounded.
The jelly barely misses you. You furiously retaliate!
You headbutt the jelly, but do no damage.
You hit the jelly.
Your hands burn!
The jelly is heavily wounded.
The jelly hits you.
* * * LOW HITPOINT WARNING * * *
You are splashed with acid.
* * * LOW HITPOINT WARNING * * *
You hit the jelly but do no damage.
Your hands burn!
* * * LOW HITPOINT WARNING * * *
The jelly is heavily wounded.
The jelly barely misses you.
You hit the jelly but do no damage. The acid corrodes you!
Your hands burn!
* * * LOW HITPOINT WARNING * * *
The jelly is heavily wounded.
The jelly hits you.
* * * LOW HITPOINT WARNING * * *
The acid corrodes you!
You are splashed with acid!
You die...

#..~~.## #.~#
##~....## #~~~.
####~~~.##.~...
#..##~..~..~# #
#..~##†..~~##[##
##~~.#.~.~##..?#
##.~~##.~..~..~#
#~..##~.~~~~~.##.
#.~~#~~.#@~.~.~~~
##..~.~##~J~#~~..
##...####~.#####
##### ~~.# #~~~~
#~..~ ##~~. #!.


You could see a jelly.

Vanquished Creatures
  An orc priest (D:3)
  4 adders
  2 river rats (Sewer)
  7 worms
  2 orcs (D:3)
  6 ball pythons
  2 bats
  13 endoplasms
  4 giant cockroaches (Sewer)
  2 goblins
  4 hobgoblins
  6 kobolds
  2 quokkas (D:3)
  6 frilled lizards
  3 rats
64 creatures vanquished.

Notes
Turn   | Place    | Note
-------+----------+-------------------------------------------
     0 | Abyss:1  | stormannn the Minotaur Abyssal Knight began the quest for
                  | the Orb.
     0 | Abyss:1  | Reached XP level 1. HP: 19/19 MP: 1/1
     1 | D:1      | Escaped the Abyss
     1 | D:1      | Found a faded altar of an unknown god.
    47 | D:1      | Reached XP level 2. HP: 16/27 MP: 2/2
   355 | D:1      | Found Coskaan's Antique Weapon Boutique.
   813 | D:2      | Reached skill level 4 in Fighting
   877 | D:2      | Reached XP level 3. HP: 33/33 MP: 3/3
  1020 | D:2      | Reached *** piety under Lugonu
  1081 | D:2      | Found Foussoh's Book Shoppe.
  1439 | D:3      | Reached XP level 4. HP: 39/40 MP: 4/4
  1642 | D:3      | Found a glowing drain.
  1679 | Sewer    | Entered a sewer
  1768 | Sewer    | Reached XP level 5. HP: 46/47 MP: 6/6
  1963 | Sewer    | Reached **** piety under Lugonu
  2014 | Sewer    | HP: 2/47 [acid (5)]
  2014 | Sewer    | Splashed by a jelly's acid

Illustrated notes

Levels and vault maps discovered:
D:1:      spicycebolla_arrival_ecumenical, layout_basic, serial_shops,
          nicolae_shop_behind_doors
D:2:      layout_rooms, serial_shops, nicolae_lakefront_shop,
          nicolae_eternal_life, grunt_ministairs_15
D:3:      layout_loops_corners, cheibrodos_sewer_entry_sluice,
          kennysheep_another_room
Sewer:    sewer_hellmonk_slimy_pipes

Skill      XL: |  1  2  3 |
---------------+----------+-----
Invocations    | 2 |  2.7
Fighting       | 4 |  4.5
Armour         | 3 |  3.6
Axes           | 3 |  3.6
Dodging        | 2 |  2.7

Action                   |  1- 3 |  4- 6 || total
-------------------------+-------+-------++-------
Melee: Hand axe          |    79 |    67 ||   146
       Headbutt          |    13 |    12 ||    25
       Punch             |     1 |       ||     1
 Stab: Sleeping          |     1 |       ||     1
Armor: Leather armour    |    17 |     7 ||    24
Dodge: Dodged            |    34 |    31 ||    65
